 Dungeon Sprint DCSS version 0.27-a0-1217-g8a41f320e8 (webtiles) character file.

Game seed: 5674051510555714703

336 mhtbhm the Cleaver (level 6, 0/66 HPs)
             Began as a Minotaur Berserker on June 5, 2021.
             Was a Priest of Trog.
             Succumbed to a scorpion's poison
             ... in the Dungeon (Sprint IV: "Fedhas' Mad Dash").
             The game lasted 00:01:20 (1058 turns).

mhtbhm the Cleaver (Minotaur Berserker)             Turns: 1058, Time: 00:01:21

Health: 0/66       AC:  2    Str: 24    XL:     6   Next: 28%
Magic:  5/5        EV: 13    Int:  4    God:    Trog [***...]
Gold:   103        SH:  0    Dex:  9    Spells: 5/5 levels left

rFire    . . .     SeeInvis .   a - +0 hand axe
rCold    . . .     Faith    .   (no shield)
rNeg     . . .     Spirit   .   b - +0 animal skin
rPois    .         Reflect  .   (helmet restricted)
rElec    .         Harm     .   (no cloak)
rCorr    .         Rampage  .   (no gloves)
Will     ++...     NoTele   +   (no boots)
Stlth    ++........             i - amulet of invisibility {+Inv}
HPRegen  1.21/turn              (no ring)
MPRegen  0.09/turn              (no ring)

@: lethally poisoned (0 -> -2), strong-willed, on berserk cooldown, very
slightly contaminated, regenerating, slowed, very slow
A: horns 2, retaliatory headbutt
a: Renounce Religion, Evoke Invisibility, Berserk, Trog's Hand


You were in the Dungeon.
You worshipped Trog.
Trog was most pleased with you.
You visited 1 branch You collected 103 gold pieces.

Inventory:

Hand Weapons
 a - a +0 hand axe (weapon)
Armour
 b - a +0 animal skin (worn)
Jewellery
 i - the amulet of invisibility (around neck) {+Inv}
   (You found it in the Dungeon)

   [amulet of nothing]

   It lets you turn invisible.
Scrolls
 h - a scroll of blinking
 j - a scroll of identify {unknown}
Potions
 e - a potion of haste
 f - 2 potions of magic
 g - a potion of berserk rage


   Skills:
 + Level 10.0 Fighting
 + Level 10.5 Axes
 + Level 5.2 Armour
 + Level 5.2 Dodging
 + Level 2.1 Stealth
 + Level 2.1 Evocations


You had 5 spell levels left.
You didn't know any spells.
Your spell library was empty.

Dungeon Overview and Level Annotations

Branches:
Dungeon (1/1)

Altars:
Cheibriados
Dithmenos
Elyvilon
Gozag
Hepliaklqana
Kikubaaqudgha
Makhleb
Nemelex Xobeh
Okawaru
Qazlal
Ru
Sif Muna
Trog
Uskayaw
Vehumet
Wu Jian
Xom
Yredelemnul
Zin
The Shining One
Beogh
Jiyva
Lugonu

Shops:
D **


Innate Abilities, Weirdness & Mutations

You have a pair of horns on your head.
You reflexively headbutt those who attack you in melee.


Message History

You feel sick. The scorpion stings you!
You are more poisoned.
The scorpion poisons you!
Okay, then.
Unknown command.
Your skin crawls.
You feel strong-willed.
You feel very sick. The scorpion stings you. x2
* * * LOW HITPOINT WARNING * * *
You are more poisoned.
The scorpion poisons you!
You hit the scorpion but do no damage.
The scorpion is severely wounded.
* * * LOW HITPOINT WARNING * * *
You feel extremely sick. The scorpion barely misses you.
Unknown command.
You hit the scorpion. Your headbutt misses the scorpion.
The scorpion is almost dead.
* * * LOW HITPOINT WARNING * * *
You feel very sick. The scorpion misses you. You furiously retaliate!
You headbutt the scorpion, but do no damage.
The scorpion stings you.
* * * LOW HITPOINT WARNING * * *
You hit the scorpion.
You kill the scorpion!
Trog accepts your kill.
* * * LOW HITPOINT WARNING * * *
You feel very sick.
Your Fighting skill increases to level 10!
Your Dodging skill increases to level 5!
Your Stealth skill increases to level 2!
Your Evocations skill increases to level 2!
Unknown command.
Okay, then.
* * * LOW HITPOINT WARNING * * *
You feel very sick.
You die...

##########################
.⌠._._._._.⌠.#..@...#....#
.._._._._._..'.)#...#f..P+
..._._._._...#..###†##.(?#
.._._._._._..#.(##∩∩.'..f#
._._._._._.⌠.#############
##############


There were no monsters in sight!

Vanquished Creatures
  3 scorpions (D)
  3 oklob saplings (D)
  2 spriggans (D)
  A river rat (D)
  A rat (D)
10 creatures vanquished.

Vanquished Creatures (others)
  2 fungi (D)
2 creatures vanquished.

Grand Total: 12 creatures vanquished

Notes
Turn   | Place    | Note
-------+----------+-------------------------------------------
     0 | D        | mhtbhm the Minotaur Berserker began the quest for the Orb.
     0 | D        | Reached XP level 1. HP: 19/19 MP: 0/0
     7 | D        | Reached XP level 2. HP: 28/28 MP: 1/1
   212 | D        | Noticed an oklob sapling
   216 | D        | Killed an oklob sapling
   216 | D        | Reached ** piety under Trog
   217 | D        | Reached skill level 5 in Fighting
   217 | D        | Reached XP level 3. HP: 27/37 MP: 2/2
   564 | D        | Noticed a scorpion
   565 | D        | Found the amulet of invisibility {+Inv}
   568 | D        | Killed a scorpion
   569 | D        | Reached XP level 4. HP: 47/47 MP: 3/3
   702 | D        | Found an opulent altar of Gozag.
   702 | D        | Found a hazy altar of Hepliaklqana.
   702 | D        | Found a burning altar of Makhleb.
   702 | D        | Found a sparkling altar of Nemelex Xobeh.
   702 | D        | Found a snail-covered altar of Cheibriados.
   702 | D        | Found a sacrificial altar of Ru.
   702 | D        | Found a shimmering blue altar of Sif Muna.
   702 | D        | Found a shimmering altar of Xom.
   702 | D        | Found a basalt altar of Yredelemnul.
   703 | D        | Found a viscous altar of Jiyva.
   703 | D        | Found a bloodstained altar of Trog.
   703 | D        | Found an ornate altar of the Wu Jian Council.
   704 | D        | Found an iron altar of Okawaru.
   704 | D        | Found a shadowy altar of Dithmenos.
   704 | D        | Found a glowing silver altar of Zin.
   705 | D        | Found an ancient bone altar of Kikubaaqudgha.
   705 | D        | Found a hide-covered altar of Uskayaw.
   706 | D        | Found a stormy altar of Qazlal.
   706 | D        | Found a white marble altar of Elyvilon.
   706 | D        | Found a glowing golden altar of the Shining One.
   707 | D        | Found a corrupted altar of Lugonu.
   707 | D        | Found a radiant altar of Vehumet.
   714 | D        | Reached XP level 5. HP: 53/53 MP: 2/4
   772 | D        | Reached *** piety under Trog
   773 | D        | Reached skill level 1 in Stealth
   809 | D        | Reached skill level 1 in Evocations
   814 | D        | Reached skill level 10 in Axes
   814 | D        | Reached skill level 5 in Armour
   814 | D        | Reached XP level 6. HP: 30/64 MP: 2/5
  1017 | D        | Found Sofo's Assorted Antiques.
  1017 | D        | Found Lely's Assorted Antiques.
  1033 | D        | Noticed a burning bush
  1033 | D        | Noticed a wandering mushroom
  1034 | D        | Noticed a wandering mushroom
  1056 | D        | HP: 2/64 [poisoned by a scorpion]
  1057 | D        | Reached skill level 10 in Fighting
  1057 | D        | Reached skill level 5 in Dodging
  1058 | D        | Succumbed to a scorpion's poison

Illustrated notes

Levels and vault maps discovered:
D:        dungeon_sprint_fedhas [sprint_temple]

Skill      XL: |  1  2  3  4  5  6 |
---------------+-------------------+-----
Fighting       | 4 5 7 8 9 10 | 10.0
Axes           | 4 6 7 8 10 | 10.5
Armour         | 3 4 5 |  5.2
Dodging        | 3 4 5 |  5.2
Stealth        | 1 2 |  2.1
Evocations     | 1 2 |  2.1

Action                   |  1- 3 |  4- 6 || total
-------------------------+-------+-------++-------
Melee: Hand axe          |     7 |    24 ||    31
       Headbutt          |     2 |     4 ||     6
Invok: Berserk           |     3 |     3 ||     6
       Trog's Hand       |       |     1 ||     1
 Abil: Evoke Invisibilit |       |     3 ||     3
  Use: Potion            |       |     2 ||     2
 Stab: Sleeping          |       |     1 ||     1
       Invisible         |       |     1 ||     1
Armor: Animal skin       |     1 |       ||     1
Dodge: Dodged            |     2 |    14 ||    16

Table legend: (Time is in decaauts)
 A = Elapsed time spent in this place.
 B = Non-inter-level travel time spent in this place.
 C = Inter-level travel time spent in this place.
 D = Time resting spent in this place.
 E = Time spent auto-exploring this place.
 F = Levels seen in this place.
 G = Mean time per level.
                   A        B        C        D        E       F      G
               +--------+--------+--------+--------+--------+-----+--------+
         Total |   1098 |   1098 |      0 |    944 |      3 |   1 | 1098.0 |
       Dungeon |   1098 |   1098 |      0 |    944 |      3 |   1 | 1098.0 |
               +--------+--------+--------+--------+--------+-----+--------+

Top non-repeatable levels by time:
       D: 1098 daAuts
